 Dungeon Crawl Stone Soup version 0.26.1-11-gd32895ea62 (webtiles) character file.

Game seed: 15496336970753131816

42 MajorAdolf the Skirmisher (level 3, 0/34 HPs)
             Began as a Naga Wanderer on July 21, 2021.
             Slain by Robin
             ... wielding a +1 dagger of electrocution
              (11 damage)
             ... on level 2 of the Dungeon.
             The game lasted 00:04:58 (1609 turns).

MajorAdolf the Skirmisher (Naga Wanderer)           Turns: 1609, Time: 00:04:59

Health: 0/34       AC:  2    Str: 14    XL:     3   Next: 56%
Magic:  6/6        EV: 10    Int: 13    God:
Gold:   112        SH:  0    Dex: 10    Spells: 6/7 levels left

rFire    . . .     SeeInvis +   a - +0 hunting sling
rCold    . . .     Faith    .   (no shield)
rNeg     . . .     Spirit   .   g - +0 robe (curse)
rPois    +         Reflect  .   (no helmet)
rElec    .         Harm     .   (no cloak)
rCorr    .         Rampage  .   (no gloves)
Will     .....                  (no barding)
Stlth    ++........             (no amulet)
HPRegen  0.11/turn              (no ring)
MPRegen  0.10/turn              (no ring)

@: very slow
A: large, see invisible, deformed body, poison resistance, slowness 2, spit
poison 1, AC +1
a: Spit Poison


You were on level 2 of the Dungeon.
You visited 1 branch of the dungeon, and saw 2 of its levels.

You collected 112 gold pieces.

Inventory:

Hand Weapons
 a - a +0 hunting sling (weapon)
 n - a +1 short sword of draining
Missiles
 o - 30 stones (quivered ammo)
Armour
 g - a cursed +0 robe (worn)
Jewellery
 d - an uncursed amulet of the acrobat {unknown}
 l - a cursed -4 ring of protection {unknown}
Scrolls
 b - 2 scrolls of blinking
 c - a scroll of magic mapping {unknown}
 h - a scroll of enchant armour {unknown}
 i - a scroll of amnesia {unknown}
 j - a scroll of enchant weapon {unknown}
 m - 5 scrolls of identify {unknown}
Potions
 e - 2 potions of heal wounds {unknown}
 f - a potion of flight {unknown}
 k - a potion of might {unknown}


   Skills:
 - Level 3.5 Fighting
 - Level 1.5 Dodging
 - Level 1.5 Stealth
 - Level 1.0 Shields
 + Level 2.6 Spellcasting
 + Level 2.1 Summonings


You had 6 spell levels left.
You knew the following spells:

 Your Spells              Type           Power        Failure   Level
a - Summon Small Mammal   Summ           28%          10%         1

Your spell library contained the following spells:

 Spells                   Type           Power        Failure   Level
 Call Canine Familiar     Summ           7%           30%         3
 Corpse Rot               Necr/Air       N/A          36%         2
 Sublimation of Blood     Necr           0%           36%         2


Dungeon Overview and Level Annotations

Branches:
Dungeon (2/15)

Altars:
Nemelex Xobeh

Annotations:
D:2 Robin


Innate Abilities, Weirdness & Mutations

You cannot wear boots.
Your serpentine skin is tough. (AC +1)
You have supernaturally acute eyesight. (SInv)
Armour fits poorly on your strangely shaped body.
Your system is resistant to poisons. (rPois)
You cover ground very slowly.
You can spit poison.


Message History

a - a +0 hunting sling (weapon)
Fire: 32 stones
Press: ? - help, Q - select action, (/) - cycle Shift-Dir - straight line, f/p - Robin
Aim: Robin, wielding a +1 dagger of electrocution, wearing a +0 animal skin and wearing a +0 helmet (severely wounded, poisoned, 64% to hit)
You shoot a stone. The stone hits Robin.
Robin is severely wounded.
Fire: 31 stones
Press: ? - help, Q - select action, (/) - cycle Shift-Dir - straight line, f/p - Robin
Aim: Robin, wielding a +1 dagger of electrocution, wearing a +0 animal skin and wearing a +0 helmet (severely wounded, poisoned, 64% to hit)
You shoot a stone. The stone barely misses Robin.
The stone completely misses the hobgoblin.
Robin's horned helmet rattles.
Robin hits you but does no damage.
You are electrocuted!!
Ouch! That really hurt!
Okay, then.
You have got your breath back.
Robin looks more healthy.
Robin hits you with a +1 dagger of electrocution.
You are electrocuted!
You die...

##########...<.....#..######
...........≈≈≈≈...........
##########....≈.##.#########
#.≈≈≈≈.............
####.#######.#########
#....# #.# #.#### #.#
#.#.########.#
#.#(..)(gg@[.#
#######.#.########.#
........#. ### #########. #g
#. .. #.


You could see Robin and a hobgoblin (strong).

Vanquished Creatures
  A worm (D:2)
  2 dart slugs (D:1)
  2 leopard geckos (D:1)
  3 bats (D:1)
  A giant cockroach (D:1)
  7 goblins
  3 hobgoblins
  3 jackals (D:1)
  A ball python (D:2)
  2 frilled lizards
  2 kobolds (D:1)
  A rat (D:1)
28 creatures vanquished.

Vanquished Creatures (collateral kills)
  2 jackals (D:1)
2 creatures vanquished.

Grand Total: 30 creatures vanquished

Notes
Turn   | Place    | Note
-------+----------+-------------------------------------------
     0 | D:1      | MajorAdolf the Naga Wanderer began the quest for the Orb.
     0 | D:1      | MajorAdolf set off with the following items: a +2 dagger, a
                  | scroll of blinking, a +0 robe; and the following spell
                  | memorised: Summon Small Mammal; and the following spells
                  | available to memorise: Corpse Rot, Sublimation of Blood,
                  | Call Canine Familiar
     0 | D:1      | Reached XP level 1. HP: 21/21 MP: 3/3
    56 | D:1      | Reached XP level 2. HP: 24/28 MP: 1/5
   485 | D:1      | Reached XP level 3. HP: 34/34 MP: 6/6
   864 | D:1      | Found a sparkling altar of Nemelex Xobeh.
  1461 | D:2      | Noticed Robin
  1609 | D:2      | Slain by Robin

Illustrated notes

Levels and vault maps discovered:
D:1:      heliophobic_arrival_henge, layout_basic, nemelex_diamond_rough_becter
D:2:      layout_basic, serial_rivers, chequers_serial_rivers_small_a,
          chequers_serial_rivers_small_a, chequers_serial_rivers_micro_d,
          chequers_serial_rivers_small_b, chequers_serial_rivers_small_3,
          chequers_ecumenical_altar_simple_redux, uniq_robin

Skill      XL: |  1  2  3 |
---------------+----------+-----
Summonings     | 2 |  2.1
Fighting       | |  3.5
Dodging        | |  1.5
Stealth        | |  1.5
Shields        | |  1.0
Spellcasting   | |  2.6

Action                   || total
-------------------------++-------
Melee: Dagger            ||    36
       Short sword       ||    17
 Fire: Hunting sling     ||     2
 Cast: Summon Small Mamm ||    13
 Abil: Spit Poison       ||    22
 Stab: Sleeping          ||     2
Armor: Robe              ||    23
Dodge: Dodged            ||    40
